 Dungeon Crawl Stone Soup version 0.27-a0-291-gd9602db6ee (webtiles) character file.

Game seed: 11643437737981409127

101 kae the Ruffian (level 4, -2/36 HPs)
             Began as a Draconian Transmuter on Feb 9, 2021.
             Slain by Grinder (4 damage)
             ... on level 3 of the Dungeon.
             The game lasted 00:01:29 (3075 turns).

kae the Ruffian (Draconian Transmuter)              Turns: 3075, Time: 00:01:30

Health: -2/36      AC:  5    Str: 10 (13) XL:     4   Next: 48%
Magic:  7/7        EV: 16    Int: 12 (13) God:
Gold:   220        SH:  0    Dex:  9 (12) Spells: 3/7 levels left

rFire    . . .     SeeInvis .     - Unarmed
rCold    . . .     Faith    .   (no shield)
rNeg     . . .     Spirit   .   (armour unavailable)
rPois    .         Reflect  .   (helmet restricted)
rElec    .         Harm     .   g - scarf {+Inv}
rCorr    .         Rampage  .   (no gloves)
Will     .....                  (no boots)
Stlth    +.........             l - amulet of inaccuracy (curse)
HPRegen  0.12/turn              d - +4 ring of evasion
MPRegen  0.10/turn              (no ring)

@: no status effects
A: unfitting armour, cold-blooded, AC +5
a: Evoke Invisibility


You were on level 3 of the Dungeon.
You visited 1 branch of the dungeon, and saw 3 of its levels.

You collected 220 gold pieces.

Inventory:

Armour
 g - a scarf of invisibility (worn)
Jewellery
 d - a +4 ring of evasion (left hand)
 l - a cursed amulet of inaccuracy (around neck)
Scrolls
 a - a scroll of enchant weapon {unknown}
 b - 2 scrolls of enchant armour {unknown}
 c - 2 scrolls of amnesia {unknown}
 f - 4 scrolls of identify {unknown}
 i - 2 scrolls of immolation {unknown}
 j - 2 scrolls of remove curse {unknown}
 k - 2 scrolls of teleportation {unknown}
 o - a scroll of blinking {unknown}
Potions
 m - a potion of ambrosia {unknown}
 n - a potion of attraction {unknown}


   Skills:
 + Level 2.0 Fighting
 + Level 2.2 Dodging
 * Level 3.7 Unarmed Combat
 + Level 2.4 Spellcasting
 * Level 2.7 Transmutations
 * Level 1.0 Poison Magic


You had 3 spell levels left.
You knew the following spells:

 Your Spells              Type           Power        Failure   Level
a - Beastly Appendage     Tmut           16%          9%          1
b - Spider Form           Tmut/Pois      3%           34%         3

Your spell library contained the following spells:

 Spells                   Type           Power        Failure   Level
 Wereblood                Tmut           8%           13%         2
 Ice Form                 Ice/Tmut       4%           83%         4
 Blade Hands              Tmut           4%           93%         5


Dungeon Overview and Level Annotations

Branches:
Dungeon (3/15)

Altars:
Sif Muna
Trog

Annotations:
D:2 1 exclusion
D:3 Grinder, Jessica


Innate Abilities, Weirdness & Mutations

Your plain brown scales are hard. (AC +5)
You cannot fit into any form of body armour.
You are cold-blooded and may be slowed by cold attacks.


Message History

Grinder is moderately wounded.
Grinder completely misses you.
You hit Grinder but do no damage.
Grinder is moderately wounded.
Grinder completely misses you. Grinder closely misses you.
Jessica gestures wildly while chanting.
Jessica blinks!
It was a potion of magic.
Magic courses through your body.
Grinder says, "Tell me all your secrets, or I'll kill you."
Grinder gestures at you. You resist with significant effort.
It was a potion of degeneration.
There was something very wrong with that liquid.
You feel weakened.
You feel dopey.
You feel clumsy.
Your transformation has ended.
Your scarf of invisibility unmelds from your body.
You become transparent for a moment.
Grinder hits you.
* * * LOW HITPOINT WARNING * * *
You writhe in agony.
You die...

####........#
...........#
###.....)...##
#.#..........#w
.............§.
##+#.....§..###.
#........# ⌠#.
+....@..5# ###.
#.....#.@# .....
#.....#..#......
#.....#.........
#.......######.#
#........# #
#.....)..## .#
#######...####.#.
.................
.................


You could see Grinder (fast, very poisoned) and Jessica.

Vanquished Creatures
  3 adders
  A worm (D:2)
  A dart slug (D:1)
  2 leopard geckos (D:1)
  4 orcs
  3 bats
  3 giant cockroaches (D:2)
  10 goblins
  6 hobgoblins
  3 jackals (D:1)
  A quokka (D:3)
  2 frilled lizards (D:1)
  7 kobolds
  15 rats
61 creatures vanquished.

Notes
Turn   | Place    | Note
-------+----------+-------------------------------------------
     0 | D:1      | kae the Draconian Transmuter began the quest for the Orb.
     0 | D:1      | Reached XP level 1. HP: 16/16 MP: 3/3
   434 | D:1      | Reached XP level 2. HP: 18/23 MP: 3/5
  1222 | D:2      | Reached XP level 3. HP: 29/29 MP: 4/6
  1535 | D:2      | Learned a level 3 spell: Spider Form
  2233 | D:2      | Reached XP level 4. HP: 36/36 MP: 5/7
  2289 | D:2      | Found a shimmering blue altar of Sif Muna.
  2345 | D:2      | Noticed a moth of wrath
  2348 | D:2      | Found a bloodstained altar of Trog.
  2822 | D:3      | Reached skill level 1 in Poison Magic
  3059 | D:3      | Noticed Jessica
  3062 | D:3      | Noticed Grinder
  3069 | D:3      | Paralysed by Grinder for 3 turns
  3075 | D:3      | Slain by Grinder

Illustrated notes

Levels and vault maps discovered:
D:1:      minmay_arrival_glassed_features, layout_loops_ring, minmay_cut_off
D:2:      minmay_general_purpose_star, layout_rooms, tgw_trog,
          lemuel_blue_sif_altar
D:3:      layout_basic, feat_on_display, uniq_jessica, uniq_grinder

Skill      XL: |  1  2  3  4 |
---------------+-------------+-----
Dodging        | 2 |  2.2
Fighting       | 2 |  2.0
Poison Magic   | 1 |  1.0
Unarmed Combat | |  3.7
Spellcasting   | |  2.4
Transmutations | |  2.7

Action                   |  1- 3 |  4- 6 || total
-------------------------+-------+-------++-------
Melee: Unarmed           |   133 |    98 ||   231
       Kick              |    13 |     7 ||    20
       Headbutt          |    10 |       ||    10
       Tailslap          |    12 |     8 ||    20
 Cast: Beastly Appendage |    23 |     6 ||    29
       Spider Form       |       |     2 ||     2
  Use: Potion            |       |     2 ||     2
Armor: Skin              |    47 |    29 ||    76
Dodge: Dodged            |   125 |   131 ||   256

Table legend: (Time is in decaauts)
 A = Elapsed time spent in this place.
 B = Non-inter-level travel time spent in this place.
 C = Inter-level travel time spent in this place.
 D = Time resting spent in this place.
 E = Time spent auto-exploring this place.
 F = Levels seen in this place.
 G = Mean time per level.
                   A        B        C        D        E       F      G
               +--------+--------+--------+--------+--------+-----+--------+
         Total |   3060 |   3043 |     17 |    399 |   2155 |   3 | 1020.0 |
       Dungeon |   3060 |   3043 |     17 |    399 |   2155 |   3 | 1020.0 |
               +--------+--------+--------+--------+--------+-----+--------+

Top non-repeatable levels by time:
     D:2: 1351 daAuts
     D:1: 1211 daAuts
     D:3: 497 daAuts
